 Dungeon Crawl Stone Soup version 0.17-a0-1468-gbf503c2 (webtiles) character file.

357 ztt the Ruffian (level 6, 0/61 HPs)
             Began as a Troll Berserker on July 1, 2015.
             Was a Priest of Trog.
             Slain by a mummy (18 damage)
             ... in an ossuary.
             The game lasted 00:04:19 (2574 turns).

ztt the Ruffian (Troll Berserker)                   Turns: 2574, Time: 00:04:20

Health: 0/61       AC:  5    Str: 27    XL:     6   Next: 37%
Magic:  5/5        EV: 10    Int:  4    God:    Trog [***...]
Gold:   128        SH:  0    Dex:  9    Spells: 0 memorised, 5 levels left

rFire  . . .     SeeInvis .       - Unarmed
rCold  . . .     Clarity  .     a - +0 animal skin
rNeg   . . .     SustAt   .     (no shield)
rPois  .         Gourm    +     (helmet restricted)
rElec  .         Spirit   .     (no cloak)
rCorr  .         Warding  .     (gloves unavailable)
rMut   .         Stasis   .     (boots unavailable)
MR     .....                    (no amulet)
Stlth  +.........               (no ring)
                                (no ring)

@: not resistant to hostile enchantments, very unstealthy
A: unfitting armour, claws 3, fast metabolism 3, gourmand, regeneration 2,
shaggy fur 1, tough skin 2
a: Burn Spellbooks, Berserk, Trog's Hand, Renounce Religion


You were in an ossuary.
You worshipped Trog.
Trog was most pleased with you.
You were not hungry.

You visited 1 branch of the dungeon, and saw 4 of its levels.
You also visited: Ossuary.

You collected 128 gold pieces.

Inventory:

Armour
 a - a +0 animal skin (worn)
Magical devices
 k - a wand of confusion (4)
Scrolls
 d - 3 scrolls of fog
 e - a scroll of blinking
 f - 4 scrolls of remove curse
 n - a scroll of noise {unknown}
 o - 3 scrolls of amnesia {unknown}
 r - a scroll of recharging {unknown}
 s - a scroll of teleportation {unknown}
 t - a scroll of magic mapping {unknown}
 u - a scroll of vulnerability {unknown}
 w - a scroll of fear
Potions
 g - 2 potions of magic {unknown}
 h - 4 potions of curing
 i - 4 potions of poison {unknown}
 j - a potion of resistance {unknown}
 m - a potion of lignification {unknown}
 p - a potion of cure mutation {unknown}
 q - a potion of might {unknown}
 v - 2 potions of heal wounds {unknown}
 x - a potion of haste {unknown}
Comestibles
 b - 5 bread rations
 c - a slice of pizza
 l - 2 meat rations


   Skills:
 + Level 3.3 Fighting
 + Level 4.0 Dodging
 + Level 0.1 Stealth
 * Level 5.3 Unarmed Combat


You had 5 spell levels left.
You didn't know any spells.

Dungeon Overview and Level Annotations

Branches:
Dungeon (4/15)
 Temple: D:4-7

Altars:
Ashenzari
Fedhas
Kikubaaqudgha
Nemelex Xobeh
Ru
Trog

Shops:
D:4 }


Innate Abilities, Weirdness & Mutations

You are too large for most types of armour.
You have claws for hands.
Your metabolism is lightning-fast.
You like to eat raw meat.
You heal very quickly.
You are covered in fur (AC +1).
You have very tough skin (AC +2).


Message History

A mummy is nearby!
The mummy hits you!!
A mummy is nearby!
You claw the mummy!
The mummy is severely damaged.
A mummy is nearby!
You scratch the mummy but do no damage.
The mummy is severely damaged.
The mummy hits you!
* * * LOW HITPOINT WARNING * * *
You are too injured to fight recklessly!
A mummy is nearby!
A mummy is nearby!
You are too injured to fight recklessly!
You are too injured to fight recklessly!
A mummy is nearby!
You barely miss the mummy.
The mummy is severely damaged.
The mummy hits you!!
You die...

# #+# .##
##.## ..#
#...# #.##
+...+ #.?
#...# #M#
##'.## #@#
##.#'# ##'##
##^##.##
#...###^###..#
+...'.'## #^##
#...#..## #'#
##+##'..###.##
#.##..#...###
#####.+...'.#
###...###


You could see a mummy.

Vanquished Creatures
  2 orc priests
  Ijyb (D:2)
  2 orc wizards (D:4)
  5 mummies (Ossuary)
  6 adders
  An ooze (D:1)
  5 worms
  8 orcs
  8 giant cockroaches
  5 hobgoblins
  4 kobolds
  A quokka (D:4)
  A ball python (D:1)
  9 bats
  7 giant newts
  2 gnoll skeletons (Ossuary)
  10 goblins
  A kobold skeleton (Ossuary)
  An orc skeleton (Ossuary)
  8 rats
  11 rat skeletons (Ossuary)
98 creatures vanquished.

Notes
Turn   | Place    | Note
--------------------------------------------------------------
     0 | D:1      | ztt the Troll Berserker began the quest for the Orb.
     0 | D:1      | Reached XP level 1. HP: 22/22 MP: 0/0
   218 | D:1      | Reached XP level 2. HP: 29/29 MP: 1/1
   624 | D:2      | Reached XP level 3. HP: 31/36 MP: 2/2
   651 | D:2      | Acquired Trog's second power
   786 | D:2      | Noticed Ijyb
   846 | D:2      | Killed Ijyb
   846 | D:2      | Reached skill level 4 in Unarmed Combat
   846 | D:2      | Reached XP level 4. HP: 26/44 MP: 3/3
  1602 | D:3      | Reached XP level 5. HP: 48/52 MP: 4/4
  1986 | D:4      | Found a bloodstained altar of Trog.
  1986 | D:4      | Found a shattered altar of Ashenzari.
  1986 | D:4      | Found an ancient bone altar of Kikubaaqudgha.
  1986 | D:4      | Found a sacrificial altar of Ru.
  1993 | D:4      | Found a blossoming altar of Fedhas.
  1998 | D:4      | Found a sparkling altar of Nemelex Xobeh.
  2056 | D:4      | Reached skill level 5 in Unarmed Combat
  2120 | D:4      | Reached XP level 6. HP: 56/61 MP: 5/5
  2143 | D:4      | Found Nohex's Gadget Boutique.
  2288 | D:4      | Found a sand-covered staircase.
  2304 | Ossuary  | Entered an ossuary
  2574 | Ossuary  | Slain by a mummy

Vault maps used:
D:1:      mrwooster_arrival_statue, minmay_large_rounded_square
D:2:      first_bread, uniq_iyjb
D:4:      minmay_overflow_temple_hex, enter_ossuary_1, serial_shops, shop
Ossuary:  ossuary_due_small_catacomb

Action                   |  1- 3 |  4- 6 || total
-------------------------+-------+-------++-------
Melee: Unarmed           |   108 |   143 ||   251
  Use: Scroll            |     2 |     5 ||     7
       Potion            |     1 |       ||     1
  Eat: Chunk             |     5 |    14 ||    19
       Pizza             |       |     1 ||     1
